 Dungeon Crawl Stone Soup version 0.20-a0-2-g2b0e13a (webtiles) character file.

69190 Naow the Protected (level 15, -9/121 HPs)
             Began as a Formicid Fighter on Oct 28, 2016.
             Was a High Priest of Okawaru.
             Killed from afar by Roxanne (51 damage)
             ... with a bolt of magma
             ... on level 2 of the Shoals.
             The game lasted 00:46:53 (19874 turns).

Naow the Protected (Formicid Fighter)              Turns: 19874, Time: 00:46:53

Health: -9/121     AC: 23    Str: 26    XL:     15   Next: 73%
Magic:  22/22      EV: 14    Int:  9    God:    Okawaru [*****.]
Gold:   1248       SH: 15    Dex: 10    Spells: 1 memorised, 12 levels left

rFire  . . .     SeeInvis +     K - +2 broad axe (vamp)
rCold  + . .     Gourm    .     m - +0 plate armour
rNeg   + . .     Faith    .     C - +0 shield "Hedohes" {+Blink MR+++ Regen+ Stlth-}
rPois  +         Spirit   .     (helmet unavailable)
rElec  .         Reflect  .     V - +0 cloak
rCorr  .         Harm     .     J - +0 pair of gloves
MR     ++++.                    W - +0 pair of boots
Stlth  ..........               (no amulet)
                                L - ring "Deopel" {+Inv rC+ rN+ SInv}
                                D - ring of poison resistance

@: heroism
A: permanent stasis, dig shafts and tunnels, four strong arms, antennae 3,
mutation resistance 1
a: Dig, Shaft Self, Heroism, Finesse, Renounce Religion, Evoke Invisibility


You were on level 2 of the Shoals.
You worshipped Okawaru.
Okawaru was extremely pleased with you.
You were not hungry.

You visited 5 branches of the dungeon, and saw 22 of its levels.

You collected 1878 gold pieces.
You spent 630 gold pieces at shops.

Inventory:

Hand Weapons
 b - the +7 executioner's axe of Irritation {venom, *Corrode Int+4}
   (Okawaru gifted it to you on level 2 of the Orcish Mines)

   It poisons the flesh of those it strikes.
   It affects your intelligence (+4).
   It may corrode you when you take damage.
 c - the +9 broad axe of Seiteps {drain, rN+ Int+5 Dex-4 SInv}
   (You bought it in a shop on level 2 of the Orcish Mines)

   A truly terrible weapon, it drains the life of those it strikes.
   It affects your intelligence (+5).
   It affects your dexterity (-4).
   It protects you from negative energy.
   It lets you see invisible.
 s - a +0 blowgun
 K - a +2 vampiric broad axe (weapon)
Missiles
 t - 54 poisoned needles
Armour
 d - the +0 cloak of Anarchy {rElec rF+ Str+6 Slay-4}
   (You bought it in a shop on level 2 of the Orcish Mines)

   It affects your strength (+6).
   It affects your accuracy and damage with ranged weapons and melee attacks
   (-4).
   It protects you from fire.
   It insulates you from electricity.
 m - a +0 plate armour (worn)
 y - a +2 large shield
 C - the +0 shield "Hedohes" (worn) {+Blink MR+++ Regen+ Stlth-}
   (Okawaru gifted it to you on level 1 of the Lair of Beasts)

   It affects your resistance to hostile enchantments.
   It lets you blink.
   It increases your rate of regeneration.
   It makes you less stealthy.
 J - a +0 pair of gloves (worn)
 R - the +0 chain mail of Ihyg {MR+ Regen+}
   (You bought it in a shop on level 10 of the Dungeon)

   It affects your resistance to hostile enchantments.
   It increases your rate of regeneration.
 V - a +0 cloak (worn)
 W - a +0 pair of boots (worn)
Jewellery
 i - an uncursed ring of magical power
 D - a ring of poison resistance (left hand)
 L - the ring "Deopel" (right hand) {+Inv rC+ rN+ SInv}
   (You found it on level 13 of the Dungeon)

   [ring of protection from cold]

   It protects you from cold.
   It protects you from negative energy.
   It lets you see invisible.
   It lets you turn invisible.
 Z - an uncursed ring of stealth
Wands
 N - a wand of iceblast (7/15)
 Q - a wand of disintegration (8/24)
 T - a wand of teleportation (4/9)
Scrolls
 a - a scroll of enchant weapon
 j - 6 scrolls of remove curse
 k - 12 scrolls of identify
 u - a scroll of fog
 H - a scroll of enchant armour
 U - 2 scrolls of fear
 Y - a scroll of torment {unknown}
Potions
 e - 2 potions of magic
 n - 2 potions of cure mutation
 o - 2 potions of brilliance
 q - a potion of lignification
 G - a potion of cancellation
 S - 2 potions of curing
Books
 h - a book of Misfortune

   Spells                             Type                      Level
   a - Confusing Touch                Hexes                        1
   b - Confuse                        Hexes                        3
   c - Gell's Gravitas                Hexes/Translocation          3
   d - Petrify                        Transmutation/Earth          4
   e - Metabolic Englaciation         Hexes/Ice                    5
   f - Yara's Violent Unravelling     Hexes/Transmutation          5
 p - a book of Minor Magic

   Spells                             Type                      Level
   a - Magic Dart                     Conjuration                  1
   b - Blink                          Translocation                2
   c - Call Imp                       Summoning                    2
   d - Repel Missiles                 Charms/Air                   2
   e - Slow                           Hexes                        2
   f - Conjure Flame                  Conjuration/Fire             3
   g - Mephitic Cloud                 Conjuration/Poison/Air       3
 r - a book of Death

   Spells                             Type                      Level
   a - Corpse Rot                     Necromancy                   2
   b - Sublimation of Blood           Necromancy                   2
   c - Agony                          Necromancy                   5
   d - Dispel Undead                  Necromancy                   5
   e - Excruciating Wounds            Charms/Necromancy            5
   f - Bolt of Draining               Conjuration/Necromancy       5
 F - a book of Air

   Spells                             Type                      Level
   a - Shock                          Conjuration/Air              1
   b - Swiftness                      Charms/Air                   2
   c - Repel Missiles                 Charms/Air                   2
   d - Static Discharge               Conjuration/Air              3
   e - Lightning Bolt                 Conjuration/Air              5
 X - a book of the Tempests

   Spells                             Type                      Level
   a - Static Discharge               Conjuration/Air              3
   b - Lightning Bolt                 Conjuration/Air              5
   c - Fireball                       Conjuration/Fire             5
   d - Tornado                        Air                          9
   e - Shatter                        Earth                        9
Comestibles
 f - 8 bread rations
 g - 8 meat rations
 l - 7 fruits
 v - 6 beef jerkies
 w - 4 chunks of flesh
 x - 2 royal jellies
 A - 9 slices of pizza


   Skills:
 + Level 12.2(17.2) Fighting
 - Level 13.3(18.3) Axes
 + Level 13.6(18.6) Armour
 * Level 9.0(14.0) Dodging
 - Level 12.5(17.5) Shields
 - Level 10.1 Invocations


You had 12 spell levels left.
You knew the following spells:

 Your Spells              Type           Power        Failure   Level  Hunger
a - Repel Missiles        Chrm/Air       #.....       100%        2    ###....


Dungeon Overview and Level Annotations

Branches:
Dungeon (15/15)            Temple (1/1) D:7            Lair (2/6) D:9
 Shoals (2/4) Lair:2          Orc (2/2) D:9             Elf (0/3) Orc:2
 Vaults (0/5) D:14         Depths (0/5) D:15
  Snake: Lair:2-4    Spider: Lair:2-4

Altars:
Ashenzari
Cheibriados
Dithmenos
Elyvilon
Fedhas
Gozag
Hepliaklqana
Kikubaaqudgha
Makhleb
Nemelex Xobeh
Okawaru
Qazlal
Ru
Sif Muna
Trog
Uskayaw
Vehumet
Xom
Yredelemnul
Zin
The Shining One
Beogh

Shops:
D:10 [   D:12 ?   Orc:2 =[[(

Annotations:
D:4 1 runed door
Lair:2 exclusion: oklob plant
Shoals:2 exclusion: Roxanne, Roxanne


Innate Abilities, Weirdness & Mutations

You are under a permanent stasis effect.
You can dig through walls and to a lower floor.
Your four strong arms can wield two-handed weapons with a shield.
You have a pair of large antennae on your head. (SInv)
You are somewhat resistant to further mutation.


Message History

You slash Roxanne!
Roxanne is moderately damaged.
You slash Roxanne!
Roxanne is heavily damaged.
You slash Roxanne!
Roxanne is heavily damaged.
You hit Roxanne but do no damage.
Roxanne is heavily damaged.
You slice Roxanne!!
Roxanne is severely damaged.
Roxanne mumbles some strange words.
You feel a strange sense of stasis.
Some of the chunks of flesh in your inventory have rotted away.
You hit Roxanne.
Roxanne is severely damaged.
You hit Roxanne but do no damage.
Roxanne is severely damaged.
Roxanne mumbles some strange words.
The bolt of magma hits you!
You die...

≈≈≈≈≈≈≈≈≈≈≈
)..........≈≈≈≈≈≈≈≈≈≈≈≈≈
...........≈≈≈≈≈≈≈....≈≈
...........≈≈≈≈≈.....≈≈
#.......(≈≈≈≈≈≈.......
#<.......≈≈≈≈≈≈..#....
#.......≈≈≈≈≈≈.(....≈
#..8..≈≈≈≈≈≈≈......≈
#..@..≈≈≈≈≈≈≈......≈
#.....≈≈≈≈≈≈≈.....≈≈
#.....≈≈≈≈≈≈≈≈....≈≈
##.....≈≈≈≈≈≈≈≈..≈≈≈≈
##.....≈≈≈≈≈≈≈≈≈≈≈≈≈≈≈ #
###.....≈≈≈≈≈≈≈≈≈≈≈≈≈≈≈≈ ###
##.......≈≈...≈≈≈≈≈≈≈≈≈≈≈
≈≈#######.../...≈≈≈...≈≈≈≈.≈≈≈≈≈≈
≈≈≈≈≈≈≈........≈≈≈≈≈≈......≈≈≈≈≈≈


You could see Roxanne.

Vanquished Creatures
  Saint Roka (Orc:2)
  Gastronok (D:11)
  A stone giant (Orc:1)
  Snorg (Orc:2)
  Josephine (Orc:2)
  2 merfolk impalers (Shoals:1)
  Erolcha (D:10)
  Fannar (D:10)
  A catoblepas (Shoals:2)
  A centaur warrior (D:14)
  A hydra (D:9)
  Erica (D:8)
  A merfolk aquamancer (Shoals:2)
  2 ogre magi
  A tengu warrior (D:15)
  An orc high priest (Orc:1)
  3 unseen horrors
  2 skeletal warriors (D:15)
  5 sea snakes
  A phantasmal warrior (D:15)
  5 hill giants
  A necromancer (D:15)
  An orc knight (Orc:2)
  Pikel (D:9)
  An oklob plant (Lair:1)
  5 manticores
  2 orc sorcerers (Orc:2)
  7 ugly things
  6 fauns
  A cyclops (D:15)
  5 sirens
  Psyche (D:10)
  2 gargoyles
  3 spriggan zombies (D:15)
  Joseph (D:8)
  A kobold demonologist (D:13)
  3 centaur skeletons
  2 komodo dragons
  5 spiny frogs
  7 trolls
  A tengu conjurer (D:14)
  5 two-headed ogres
  12 merfolk
  3 meliai (D:14)
  A wind drake (Shoals:1)
  5 slime creatures
  5 blink frogs (Lair:2)
  5 hippogriffs
  A spriggan skeleton (D:15)
  3 snapping turtles
  2 water elementals (Shoals:2)
  Sigmund (D:5)
  8 wraiths
  4 hogs (D:7)
  2 wyverns
  3 yaks (D:11)
  Eustachio (D:6)
  Grum (D:8)
  A basilisk (D:13)
  A human (D:7)
  3 mottled dragons
  Menkaure (D:5)
  5 wargs
  3 porcupines (Lair:1)
  7 water moccasins
  Duvessa (D:5)
  2 phantoms
  A swamp drake (D:9)
  7 sky beasts
  4 ice beasts
  2 eyes of draining
  2 necrophages
  36 orc warriors
  2 wolves (D:8)
  13 ogres
  7 centaurs
  5 crocodiles
  3 big kobolds
  Blork the orc (D:6)
  8 bullfrogs
  Dowan (D:5)
  A wyvern skeleton (D:15)
  2 scorpions
  27 killer bees
  4 wights (D:9)
  3 electric eels
  2 bullfrog zombies
  5 crimson imps
  4 howler monkeys
  3 quasits
  A centaur zombie (D:5)
  2 bullfrog skeletons
  4 hounds
  23 orc priests
  2 jellies
  5 iguanas
  8 worker ants
  27 orc wizards
  A worker ant zombie (D:11)
  A howler monkey zombie (D:8)
  9 gnolls (D:4)
  13 adders
  5 shadow imps
  An ooze (D:5)
  An adder skeleton (D:7)
  An adder zombie (D:6)
  A worm (D:2)
  5 dart slugs
  3 leopard geckos
  98 orcs
  5 giant cockroaches
  42 goblins
  30 hobgoblins
  19 jackals
  15 kobolds
  7 quokkas
  11 bats
  4 frilled lizards
  3 rats (D:2)
  A fungus (Lair:2)
  2 withered plants (D:15)
669 creatures vanquished.

Vanquished Creatures (collateral kills)
  A siren (Shoals:1)
1 creature vanquished.

Vanquished Creatures (others)
  A lindwurm (shapeshifter) (D:15)
  A bullfrog (D:9)
  6 fungi
  A plant (Lair:2)
  A withered plant (Shoals:2)
10 creatures vanquished.

Grand Total: 680 creatures vanquished

Notes
Turn   | Place    | Note
-------+----------+-------------------------------------------
     0 | D:1      | Naow the Formicid Fighter began the quest for the Orb.
     0 | D:1      | Reached XP level 1. HP: 18/18 MP: 1/1
    45 | D:1      | Reached XP level 2. HP: 23/24 MP: 2/2
   219 | D:1      | Reached XP level 3. HP: 24/29 MP: 3/3
   985 | D:2      | Reached XP level 4. HP: 24/35 MP: 4/4
  1692 | D:3      | Reached XP level 5. HP: 41/41 MP: 5/5
  1774 | D:3      | Reached XP level 6. HP: 37/47 MP: 6/6
  2072 | D:3      | Reached skill level 5 in Shields
  2639 | D:4      | Reached skill level 5 in Axes
  2761 | D:4      | Noticed an ogre
  2770 | D:4      | Killed an ogre
  2770 | D:4      | Reached XP level 7. HP: 12/52 MP: 7/7
  3455 | D:4      | Reached skill level 5 in Armour
  3634 | D:4      | Reached XP level 8. HP: 58/58 MP: 8/8
  3893 | D:4      | Found a shadowy altar of Dithmenos.
  4276 | D:4      | Found a runed door.
  4536 | D:5      | Entered Level 5 of the Dungeon
  4560 | D:5      | Noticed Duvessa
  4560 | D:5      | Noticed Dowan
  4578 | D:5      | Killed Duvessa
  4592 | D:5      | Killed Dowan
  4868 | D:5      | Noticed Menkaure
  4878 | D:5      | Killed Menkaure
  5240 | D:5      | Noticed Sigmund
  5261 | D:5      | Killed Sigmund
  5356 | D:5      | Found a shimmering altar of Xom.
  5408 | D:5      | Reached XP level 9. HP: 64/64 MP: 9/9
  5749 | D:6      | Noticed Blork the orc
  5753 | D:6      | Found a shattered altar of Ashenzari.
  5780 | D:6      | Killed Blork the orc
  6142 | D:6      | Noticed Eustachio
  6180 | D:6      | Killed Eustachio
  7164 | D:6      | Reached XP level 10. HP: 25/70 MP: 10/10
  7506 | D:7      | Found a staircase to the Ecumenical Temple.
  7525 | Temple   | Entered the Ecumenical Temple
  7700 | Temple   | Became a worshipper of Warmaster Okawaru
  8049 | D:7      | Reached skill level 10 in Axes
  8345 | D:8      | Noticed Grum
  8372 | D:8      | Killed Grum
  8372 | D:8      | Reached * piety under Okawaru
  8372 | D:8      | Reached skill level 1 in Invocations
  8591 | D:8      | Noticed Joseph
  8613 | D:8      | Killed Joseph
  8776 | D:8      | Noticed Erica
  8792 | D:8      | Killed Erica
  8792 | D:8      | Reached ** piety under Okawaru
  8945 | D:8      | Reached XP level 11. HP: 62/77 MP: 14/14
  8954 | D:8      | Found a glowing silver altar of Zin.
  9184 | D:9      | Found a staircase to the Orcish Mines.
  9315 | D:9      | Noticed Pikel
  9341 | D:9      | Killed Pikel
  9341 | D:9      | Reached *** piety under Okawaru
  9341 | D:9      | Reached skill level 5 in Invocations
  9388 | D:9      | Found a radiant altar of Vehumet.
  9421 | D:9      | Reached skill level 10 in Shields
  9559 | D:9      | Reached skill level 5 in Fighting
  9658 | D:9      | Found a staircase to the Lair.
  9830 | D:9      | Found a stormy altar of Qazlal.
  9883 | D:9      | Found a bloodstained altar of Trog.
 10029 | D:10     | Entered Level 10 of the Dungeon
 10048 | D:10     | Reached **** piety under Okawaru
 10148 | D:10     | Noticed Fannar
 10189 | D:10     | Killed Fannar
 10249 | D:10     | Noticed Erolcha
 10268 | D:10     | Killed Erolcha
 10268 | D:10     | Reached ***** piety under Okawaru
 10324 | D:10     | Found a glowing golden altar of the Shining One.
 10379 | D:10     | Noticed Psyche
 10392 | D:10     | Killed Psyche
 10407 | D:10     | Found Nopamp's Armour Shoppe.
 10415 | D:10     | Bought the cursed +0 chain mail of Ihyg {MR+ Regen+} for 155 gold pieces
 10614 | D:10     | Learned a level 2 spell: Repel Missiles
 11025 | D:11     | Reached XP level 12. HP: 74/87 MP: 18/18
 11161 | D:11     | Noticed Gastronok
 11181 | D:11     | Killed Gastronok
 11183 | D:11     | Reached skill level 10 in Armour
 11369 | D:11     | Found an opulent altar of Gozag.
 11886 | D:12     | Found Tazxo's Magic Scroll Shoppe.
 12245 | D:12     | Received a gift from Okawaru
 12245 | D:12     | Reached skill level 10 in Invocations
 12626 | Orc:1    | Entered Level 1 of the Orcish Mines
 12637 | Orc:1    | Noticed an orc high priest
 12654 | Orc:1    | Gained mutation: Armour fits poorly on your strangely shaped body. [a neqoxec]
 12657 | Orc:1    | Noticed a stone giant
 12659 | Orc:1    | Killed an orc high priest
 12680 | Orc:1    | Killed a stone giant
 12680 | Orc:1    | Reached XP level 13. HP: 44/98 MP: 16/20
 12839 | Orc:2    | Entered Level 2 of the Orcish Mines
 12839 | Orc:2    | Found a roughly hewn altar of Beogh.
 12839 | Orc:2    | Found a labyrinth entrance.
 12854 | Orc:2    | Noticed Josephine
 12875 | Orc:2    | Killed Josephine
 12915 | Orc:2    | Found a staircase to the Elven Halls.
 13038 | Orc:2    | Noticed Saint Roka
 13101 | Orc:2    | Killed Saint Roka
 13101 | Orc:2    | Received a gift from Okawaru
 13121 | Orc:2    | Got a transparent executioner's axe {god gift}
 13267 | Orc:2    | Found Yqiun's Antique Armour Shoppe.
 13268 | Orc:2    | Found a roughly hewn altar of Beogh.
 13269 | Orc:2    | Found Ishusopp's Antique Weapon Emporium.
 13282 | Orc:2    | Bought a brightly glowing broad axe for 162 gold pieces
 13490 | Orc:2    | Found a roughly hewn altar of Beogh.
 13511 | Orc:2    | Found a roughly hewn altar of Beogh.
 13511 | Orc:2    | Found Gitugoga's Jewellery Boutique.
 13555 | Orc:2    | Noticed Snorg
 13555 | Orc:2    | Found a roughly hewn altar of Beogh.
 13568 | Orc:2    | Reached skill level 10 in Fighting
 13581 | Orc:2    | Killed Snorg
 13862 | Orc:2    | Found a roughly hewn altar of Beogh.
 13892 | Orc:2    | Found Farink's Antique Armour Boutique.
 13897 | Orc:2    | Bought a jewelled cloak for 313 gold pieces
 13954 | Orc:2    | Identified the cursed +0 cloak of Anarchy {rElec rF+ Str+6 Slay-4} (You bought it in a shop on level 2 of the Orcish Mines)
 13954 | Orc:2    | Identified the +7 executioner's axe of Irritation {venom, *Corrode Int+4} (Okawaru gifted it to you on level 2 of the Orcish Mines)
 14040 | Orc:2    | Identified the +9 broad axe of Seiteps {drain, rN+ Int+5 Dex-4 SInv} (You bought it in a shop on level 2 of the Orcish Mines)
 14146 | Lair:1   | Entered Level 1 of the Lair of Beasts
 14482 | Lair:1   | Noticed a four-headed hydra
 14482 | Lair:1   | Received a gift from Okawaru
 14482 | Lair:1   | Reached XP level 14. HP: 111/111 MP: 21/21
 14488 | Lair:1   | Got a scorched shield {god gift}
 14971 | Lair:1   | Gained mutation: You are somewhat resistant to further mutation. [potion of mutation]
 14971 | Lair:1   | Gained mutation: You have an increased reservoir of magic. (+10% MP) [potion of mutation]
 14972 | Lair:1   | Lost mutation: Armour fits poorly on your strangely shaped body. [potion of cure mutation]
 14972 | Lair:1   | Lost mutation: You have an increased reservoir of magic. (+10% MP) [potion of cure mutation]
 15167 | Lair:2   | Identified the +0 shield "Hedohes" {+Blink MR+++ Regen+ Stlth-} (Okawaru gifted it to you on level 1 of the Lair of Beasts)
 15275 | Lair:2   | Found a staircase to the Shoals.
 15304 | Lair:2   | Found a snail-covered altar of Cheibriados.
 15323 | Lair:2   | Reached skill level 1 in Dodging
 15992 | D:13     | Found a white marble altar of Elyvilon.
 16248 | D:13     | Got a crude lapis lazuli ring
 16579 | D:14     | Found a gate to the Vaults.
 16714 | D:14     | Reached skill level 5 in Dodging
 17054 | D:14     | Received a gift from Okawaru
 17222 | D:14     | Identified the ring "Deopel" {+Inv rC+ rN+ SInv} (You found it on level 13 of the Dungeon)
 17248 | D:15     | Entered Level 15 of the Dungeon
 17343 | D:15     | Found a staircase to the Depths.
 17728 | D:15     | Reached XP level 15. HP: 115/118 MP: 22/22
 18525 | Shoals:1 | Entered Level 1 of the Shoals
 18700 | Shoals:1 | Received a gift from Okawaru
 19397 | Shoals:2 | Noticed Roxanne
 19874 | Shoals:2 | Killed from afar by Roxanne

Vault maps used:
D:1:      sevenhm_arrival_forest_fort_large_4
D:4:      minmay_goblin_kobold_castle, nicolae_dithmenos_through_a_glass_darkly,
          uniq_crazy_yiuf_cottage
D:5:      lemuel_doored_altar, first_bread, dk_vineyard_3, uniq_duvessa,
          uniq_sigmund, uniq_menkaure
D:6:      evilmike_ruin_ashenzari, uniq_blork_the_orc, uniq_eustachio
D:7:      grunt_livestock
D:8:      kennysheep_little_box, uniq_erica, uniq_joseph, uniq_grum
D:9:      nicolae_overflow_hidden_temple, erik_lair_dragon, orc_0_dummy,
          basic_altar, uniq_pikel
D:10:     serial_shops, shop, minivault_1, kennysheep_flooded_box,
          grunt_ministairs_4, uniq_fannar, uniq_psyche, uniq_erolcha
D:11:     nicolae_gozag_cash_rules_everything_around_me, uniq_gastronok
D:12:     serial_shops, nicolae_shop_crystal, fountainhead
D:13:     elyvilon_altar_1
D:14:     david_vaults_2, hangedman_decor_diamond_cutter
D:15:     gammafunk_depths_entry_grave, columned_hall_lemuel
Temple:   minmay_temple_bridge_abc
Lair:1:   dpeg_stationary_puzzle, serial_bayou_shore_a
Lair:2:   minmay_shoals_entry_lonely_mermaid, lemuel_oklob_altar
Shoals:1: nicolae_shoals_arrival_archipelago
Shoals:2: argonaut_gorgonesque, uniq_roxanne
Orc:2:    grunt_orc_community_town_hall, grunt_orc_community_big_house_1,
          grunt_orc_community_big_house_2, grunt_orc_community_house_1,
          grunt_orc_community_house_3, grunt_orc_community_house_2,
          grunt_orc_community_house_2, lab_entry_generic, mines2_david,
          uniq_josephine, uniq_snorg

Skill      XL: |  1  2  3  4  5  6  7  8  9 10 11 12 13 14 15 |
---------------+----------------------------------------------+-----
Axes           | 3 4 5 6 7 9 10 11 12 13 | 13.3
Shields        | 4 5 6 7 8 9 10 11 12 | 12.5
Armour         | 4 5 6 7 8 9 10 11 12 13 | 13.6
Invocations    | 4 8 10 | 10.1
Fighting       | 4 5 7 10 11 12 | 12.2
Dodging        | 6 9 |  9.0

Action                   |  1- 3 |  4- 6 |  7- 9 | 10-12 | 13-15 || total
-------------------------+-------+-------+-------+-------+-------++-------
Melee: War axe           |   110 |   216 |   478 |   221 |       ||  1025
       Broad axe         |       |       |       |   599 |  1370 ||  1969
       Hand axe          |       |       |       |     1 |       ||     1
       Executioner's axe |       |       |       |       |     6 ||     6
Invok: Heroism           |       |       |       |    14 |    26 ||    40
       Finesse           |       |       |       |     1 |     5 ||     6
  Use: Scroll            |       |       |    12 |     9 |     9 ||    30
       Potion            |       |       |     4 |     1 |     9 ||    14
 Stab: Confused          |       |       |       |     1 |       ||     1
       Distracted        |       |       |       |       |     1 ||     1
  Eat: Chunk             |     1 |     6 |    15 |    18 |    25 ||    65
       Bread ration      |       |       |       |     2 |       ||     2
       Fruit             |       |       |       |     1 |       ||     1
       Meat ration       |       |       |       |       |     1 ||     1
Armor: Scale mail        |    67 |       |       |       |       ||    67
       Chain mail        |       |   119 |   254 |   101 |   108 ||   582
       Plate armour      |       |       |       |   133 |   319 ||   452
       Skin              |       |       |       |       |    88 ||    88
Dodge: Dodged            |    51 |    78 |   102 |   121 |   347 ||   699
Block: Shield            |    72 |   114 |       |       |   648 ||   834
       Large shield      |       |    38 |   552 |   808 |   316 ||  1714
